 Dungeon Crawl Stone Soup version 0.21-a0-531-gacddea6133 (webtiles) character file.

65 JackS81 the Changer (level 4, -3/38 HPs)
             Began as a Naga Transmuter on Dec 13, 2017.
             Was an Initiate of the Shining One.
             Killed by divine providence
             ... invoked by an orc priest
              (11 damage)
             ... on level 3 of the Dungeon.
             The game lasted 00:09:32 (2254 turns).

JackS81 the Changer (Naga Transmuter)               Turns: 2254, Time: 00:09:33

Health: -3/38      AC:  2    Str: 13    XL:     4   Next: 13%
Magic:  4/7        EV: 22    Int: 14    God:    the Shining One [......]
Gold:   128        SH:  0    Dex: 16    Spells: 1/7 levels left

rFire    . . .     SeeInvis +     - Unarmed
rCold    . . .     Gourm    .   (shield currently unavailable)
rNeg     . . .     Faith    .   (armour currently unavailable)
rPois    x         Spirit   .   (helmet currently unavailable)
rElec    .         Reflect  .   (cloak currently unavailable)
rCorr    .         Harm     .   (gloves currently unavailable)
MR       .....                  (no barding)
Stlth    +.........             (no amulet)
HPRegen  0.12/turn              s - +3 ring of evasion
MPRegen  0.10/turn              (no ring)

@: spider-form (expiring), glowing
A: tiny, see invisible, slow metabolism 1, spit poison 1, AC +1
a: Spit Poison, End Transformation, Renounce Religion


You were on level 3 of the Dungeon.
You worshipped the Shining One.
The Shining One was noncommittal.
You were not hungry.
You were a venomous arachnid creature.
You visited 1 branch of the dungeon, and saw 3 of its levels.

You collected 128 gold pieces.

Inventory:

Missiles
 a - 43 arrows
Armour
 b - a +0 robe (melded)
 n - a +2 cloak (melded)
 t - +0 shadow dragon scales
Jewellery
 s - a +3 ring of evasion (left front leg)
Scrolls
 h - a scroll of fear {unknown}
 l - a scroll of magic mapping {unknown}
 m - 2 scrolls of amnesia {unknown}
 p - a scroll of enchant weapon {unknown}
 q - 2 scrolls of identify {unknown}
Potions
 e - a potion of ambrosia {unknown}
 g - a potion of resistance {unknown}
 i - 3 potions of curing {unknown}
 j - 2 potions of degeneration {unknown}
 r - a potion of heal wounds {unknown}
Books
 c - a book of Changes

   Spells                             Type                      Level
   a - Beastly Appendage              Transmutation                1
   b - Sticks to Snakes               Transmutation                2
   c - Spider Form                    Transmutation/Poison         3
   d - Ice Form                       Ice/Transmutation            4
   e - Blade Hands                    Transmutation                5
Comestibles
 d - 3 bread rations
 f - 4 fruits
 k - a royal jelly


   Skills:
 - Level 1.0 Fighting
 * Level 1.5 Dodging
 * Level 3.1 Unarmed Combat
 - Level 2.0 Spellcasting
 + Level 4.1 Transmutations
 * Level 0.2 Poison Magic
 * Level 0.2 Invocations


You had one spell level left.
You knew the following spells:

 Your Spells              Type           Power        Failure   Level  Hunger
a - Beastly Appendage     Tmut           ##....       13%         1    ##.....
b - Sticks to Snakes      Tmut           ##......     19%         2    ###....
c - Spider Form           Tmut/Pois      #.........   50%         3    ####...


Dungeon Overview and Level Annotations

Branches:
Dungeon (3/15)

Altars:
Okawaru
The Shining One


Innate Abilities, Weirdness & Mutations

You cannot wear boots.
((Your serpentine skin is tough. (AC +1)))
You have supernaturally acute eyesight. (SInv)
((Armour fits poorly on your strangely shaped body.))
((Your system is resistant to poisons. (rPois)))
((You cover ground very slowly.))
You have a slow metabolism.
You can spit poison.


Message History

The orc priest is moderately wounded.
The orc priest mumbles some strange prayers to Beogh against you.
Beogh smites you!
The orc throws a tomahawk.
The tomahawk completely misses you.
An orc comes into view. It is wielding a mace.
You hit the orc priest.
The orc priest is heavily wounded.
The orc priest calls down the wrath of Beogh upon you.
Beogh smites you!
* * * LOW HITPOINT WARNING * * *
The orc throws a tomahawk.
The tomahawk completely misses you.
You hit the orc priest.
The orc priest is poisoned.
The orc priest is heavily wounded.
An adder comes into view.
The adder hisses angrily.
You hit the orc.
The orc is moderately wounded.
The orc priest invokes the aid of Beogh against you.
Beogh smites you!
You die...

....... .o... ... #'#
#(# #.# ##.#######
##.########.(......#
..Soooos..o....###.#
##.####.........##.#####
#.###..##......... #.#
#.....##.##### #.#
#..##.##.#
#.###..##.##.#
#............#
######.####### #####.#
##.##


You could see an orc priest, an adder and 4 orcs.

Vanquished Creatures
  An adder (D:2)
  2 oozes
  A worm (D:2)
  A dart slug (D:2)
  2 leopard geckos
  An orc (D:3)
  3 bats
  A giant cockroach (D:1)
  6 goblins
  4 hobgoblins
  3 jackals (D:1)
  2 kobolds
  A quokka (D:2)
  3 frilled lizards
  3 rats
34 creatures vanquished.

Vanquished Creatures (collateral kills)
  A worm (D:2)
  A goblin (D:1)
2 creatures vanquished.

Grand Total: 36 creatures vanquished

Notes
Turn   | Place    | Note
-------+----------+-------------------------------------------
     0 | D:1      | JackS81 the Naga Transmuter began the quest for the Orb.
     0 | D:1      | Reached XP level 1. HP: 18/18 MP: 3/3
   379 | D:1      | Reached XP level 2. HP: 19/25 MP: 3/5
   461 | D:1      | Reached skill level 3 in Transmutations
   473 | D:1      | Learned a level 2 spell: Sticks to Snakes
   712 | D:1      | Found a glowing golden altar of the Shining One.
   728 | D:1      | Became a worshipper of the Shining One
  1135 | D:1      | Reached XP level 3. HP: 27/31 MP: 4/6
  1143 | D:1      | Learned a level 3 spell: Spider Form
  1808 | D:2      | Reached skill level 4 in Transmutations
  1819 | D:2      | Found an iron altar of Okawaru.
  2038 | D:3      | Reached XP level 4. HP: 34/38 MP: 5/7
  2254 | D:3      | Killed from afar by an orc priest

Vault maps used:
D:1:      minmay_arrival_stair_chambers, tso_metal_star
D:2:      okawaru_ov_weapons_minmay

Skill      XL: |  1  2  3 |
---------------+----------+-----
Transmutations | 3 4 |  4.1
Fighting       | |  1.0
Dodging        | |  1.5
Unarmed Combat | |  3.1
Spellcasting   | |  2.0
Poison Magic   | |  0.2
Invocations    | |  0.2

Action                   |  1- 3 |  4- 6 || total
-------------------------+-------+-------++-------
Melee: Unarmed           |   115 |    10 ||   125
       Headbutt          |    11 |     1 ||    12
       Punch             |     1 |       ||     1
 Cast: Beastly Appendage |    26 |     2 ||    28
       Sticks to Snakes  |     4 |       ||     4
       Spider Form       |       |     1 ||     1
  Eat: Chunk             |     3 |     1 ||     4
Armor: Robe              |    18 |     1 ||    19
Dodge: Dodged            |    70 |    10 ||    80

Table legend:
 A = Spawn XP
 B = Non-spawn XP
 C = Spawn XP percentage of total XP
 D = Spawn monster count
 E = Non-spawn monster count
 F = Spawn count percentage of total count
 G = Total turns spent on level
                    A         B        C        D         E        F      G
               +---------+---------+-------+---------+---------+-------+---------
         Total |       0 |      93 |   0.0 |       0 |      36 |   0.0 |  2254
               +---------+---------+-------+---------+---------+-------+---------
           D:1 |       0 |      40 |   0.0 |       0 |      19 |   0.0 |  1377
           D:2 |       0 |      40 |   0.0 |       0 |      14 |   0.0 |   644
           D:3 |       0 |      13 |   0.0 |       0 |       3 |   0.0 |   233
               +---------+---------+-------+---------+---------+-------+---------
